 Dungeon Crawl Stone Soup version 0.29.1-2-gbd0b4ee654 (webtiles) character file.

Game seed: 13140903116031095560

126 Ihaveafatcat the Chopper (level 5, -6/46 HPs)
             Began as a Hill Orc Fighter on Nov 18, 2022.
             Mangled by an iguana (12 damage)
             ... on level 4 of the Dungeon.
             The game lasted 00:03:54 (2855 turns).

Ihaveafatcat the Chopper (Hill Orc Fighter)         Turns: 2855, Time: 00:03:55

Health: -6/46      AC:  7    Str: 21    XL:     5   Next: 10%
Magic:  5/5        EV:  9    Int:  8    God:
Gold:   143        SH:  4    Dex: 10    Spells: 4/4 levels left

rFire   . . .      SeeInvis .   a - +0 war axe
rCold   . . .      Faith    .   c - +0 buckler
rNeg    . . .      Spirit   .   b - +0 scale mail
rPois   .          Reflect  .   (no helmet)
rElec   .          Harm     .   (no cloak)
rCorr   .          Rampage  .   (no gloves)
Will    .....                   (no boots)
Stlth   ..........              (no amulet)
HPRegen 0.15/turn               (no ring)
MPRegen 0.09/turn               (no ring)

@: mighty, lethally poisoned (-6 -> -9)
A: no striking features
a: no special abilities


You were on level 4 of the Dungeon.
You visited 1 branch of the dungeon, and saw 4 of its levels.

You collected 143 gold pieces.

Inventory:

Hand Weapons
 a - a +0 war axe (weapon)
Missiles
 h - a throwing net
Armour
 b - a +0 scale mail (worn)
 c - a +0 buckler (worn)
Wands
 e - a wand of light (11)
 i - a wand of mindburst (16)
Potions
 f - a potion of ambrosia
 g - a potion of mutation {unknown}


   Skills:
 + Level 4.1 Fighting
 + Level 4.9 Axes
 + Level 4.1 Armour
 + Level 0.5 Dodging
 + Level 0.6 Stealth
 + Level 3.6 Shields


You had 4 spell levels left.
You didn't know any spells.
Your spell library contained the following spells:

 Spells                   Type           Power      Damage    Failure   Level
 Ensorcelled Hibernation  Hex/Ice        0%         N/A       92%         2
 Spider Form              Tmut/Pois      0%         N/A       99%         3
 Anguish                  Hex/Necr       0%         N/A       100%        4


Dungeon Overview and Level Annotations

Branches:
Dungeon (4/15)
 Temple: D:4-7

Altars:
Ru
Vehumet

Shops:
D:4 [


Message History

You feel very sick. You block the scorpion's attack.
There are monsters nearby!
You hit the scorpion but do no damage.
The scorpion is almost dead.
You slash the iguana!
You feel very sick. The scorpion closely misses you.
The iguana barely misses you. The scorpion completely misses you.
There are monsters nearby!
You are too injured to fight recklessly!
You are too injured to fight recklessly!
There are monsters nearby!
You are too injured to fight recklessly!
Unknown command.
You are too injured to fight recklessly!
Unknown command.
You are too injured to fight recklessly!
You are too injured to fight recklessly!
There are monsters nearby!
You are too injured to fight recklessly!
You hit the iguana but do no damage.
The iguana is moderately wounded.
You hit the scorpion but do no damage.
You feel very sick. The iguana bites you.
* * * LOW HITPOINT WARNING * * *
The scorpion barely misses you. The iguana bites you.
* * * LOW HITPOINT WARNING * * *
You feel very mighty all of a sudden.
You feel sick. The scorpion barely misses you.
The iguana bites you but does no damage.
The scorpion stings you but does no damage.
You are too injured to fight recklessly!
You barely miss the iguana.
The iguana is moderately wounded.
You hit the scorpion.
You kill the scorpion!
You feel sick. The iguana bites you!
You die...

.##........# #... ..
......##.....# #.####.
...........#.####...>...
#................#.....
#..##...#.......##.....
..............#.......8
.....#..)......##.....
#../......#.##.....
#l@.......#........
#....†##...?..#.##....<
......# #........##.....
._.#.# #........##..8..
..... #.........######
.#.. #.......... ...
#####....# .## #..


You could see an iguana.

Vanquished Creatures
  A scorpion (D:4)
  An iguana (D:4)
  4 adders
  2 worms
  5 dart slugs
  4 orcs
  A giant cockroach (D:1)
  5 goblins
  2 hobgoblins (D:3)
  7 kobolds
  3 quokkas
  4 ball pythons
  3 bats
  2 frilled lizards (D:1)
  7 rats
51 creatures vanquished.

Notes
Turn   | Place    | Note
-------+----------+-------------------------------------------
     0 | D:1      | Ihaveafatcat the Hill Orc Fighter began the quest for the
                  | Orb.
     0 | D:1      | Reached XP level 1. HP: 19/19 MP: 1/1
    27 | D:1      | Found a faded altar of an unknown god.
   120 | D:1      | Reached XP level 2. HP: 22/27 MP: 2/2
   912 | D:2      | Reached XP level 3. HP: 33/33 MP: 3/3
  1698 | D:3      | Reached XP level 4. HP: 40/40 MP: 4/4
  2657 | D:3      | Found a sacrificial altar of Ru.
  2715 | D:4      | Found Vedietwe's Armour Boutique.
  2723 | D:4      | Reached XP level 5. HP: 32/46 MP: 5/5
  2847 | D:4      | Found a radiant altar of Vehumet.
  2855 | D:4      | Mangled by an iguana

Illustrated notes

Levels and vault maps discovered:
D:1:      nzn_arrival_water_spiral, layout_loops_ring,
          hellmonk_ecumenical_altar_pennies_from_heaven,
          nicolae_figureground_pulse
D:2:      layout_loops_cross, reono_crystal_passage, nrook_campfire,
          grunt_decor_mini_mirrors, kennysheep_pointless_box,
          lightli_corner_chamber
D:3:      layout_basic, mainiacjoe_overflow_chevrons, serial_glass,
          glass_columns_a, glass_columns_c, feat_on_display, due_unseen_surprise
D:4:      dreamdust_elfheim, layout_rooms, vehumet_altar_wand_db,
          ebering_ghost_sewer_d, serial_shops, nicolae_stop_n_shop_1

Skill      XL: |  1  2  3  4 |
---------------+-------------+-----
Axes           | 3 4 |  4.9
Fighting       | 4 |  4.1
Armour         | 4 |  4.1
Dodging        | |  0.5
Stealth        | |  0.6
Shields        | |  3.6

Action                   |  1- 3 |  4- 6 || total
-------------------------+-------+-------++-------
Melee: War axe           |    89 |    53 ||   142
  Use: Scroll            |     4 |       ||     4
       Potion            |       |     1 ||     1
Armor: Scale mail        |    44 |    12 ||    56
Dodge: Dodged            |    32 |    34 ||    66
Block: Buckler           |    20 |    10 ||    30
